 Dungeon Crawl Stone Soup version 0.29.1-debian-4-g95531337e3 (webtiles) character file.

Game seed: 17562981673945951323

473 Dreamer the Insei (level 7, -3/46 HPs)
             Began as an Octopode Warper on Sept 13, 2022.
             Slain by an orc
             ... wielding a +0 club
              (4 damage)
             ... on level 5 of the Dungeon.
             The game lasted 00:11:08 (4792 turns).

Dreamer the Insei (Octopode Warper)                 Turns: 4792, Time: 00:11:09

Health: -3/46      AC:  1    Str: 10    XL:     7   Next: 10%
Magic:  11/11      EV: 17    Int: 18    God:
Gold:   239        SH:  0    Dex: 11    Spells: 6/12 levels left

rFire   . . .      SeeInvis .     - Unarmed
rCold   . . .      Faith    .   (no shield)
rNeg    + . .      Spirit   .   (helmet restricted)
rPois   .          Reflect  .   (no amulet)
rElec   .          Harm     .   c - +4 ring of evasion
rCorr   .          Rampage  .   q - ring of positive energy
Will    .....                   (no ring)
Stlth   ++........              (no ring)
HPRegen 0.15/turn               (no ring)
MPRegen 0.12/turn               (no ring)
                                (no ring)
                                (no ring)

@: confused
A: almost no armour, amphibious, 8 rings, camouflage 1, gelatinous body 1,
(nimble swimmer 1), tentacles
a: no special abilities


You were on level 5 of the Dungeon.
You visited 1 branch of the dungeon, and saw 5 of its levels.

You collected 239 gold pieces.

Inventory:

Jewellery
 c - a +4 ring of evasion (left tentacle)
 q - a ring of positive energy (right tentacle)
Wands
 p - a wand of paralysis (19)
 v - a wand of flame (6)
Scrolls
 a - a scroll of blinking
 d - 3 scrolls of identify {unknown}
 e - a scroll of enchant weapon {unknown}
 i - a scroll of fear {unknown}
 j - 2 scrolls of teleportation {unknown}
 k - a scroll of amnesia {unknown}
 l - a scroll of vulnerability {unknown}
 m - 2 scrolls of butterflies {unknown}
 n - a scroll of immolation {unknown}
 t - a scroll of poison {unknown}
 u - a scroll of magic mapping {unknown}
 x - a scroll of torment {unknown}
Potions
 b - a potion of resistance {unknown}
 f - a potion of lignification {unknown}
 g - 2 potions of brilliance {unknown}
 h - 2 potions of might {unknown}
 o - a potion of mutation {unknown}
 r - 2 potions of curing {unknown}
 s - a potion of flight {unknown}
 w - a potion of degeneration {unknown}


   Skills:
 + Level 3.3 Fighting
 - Level 1.0 Throwing
 + Level 3.5 Dodging
 + Level 2.7 Stealth
 * Level 4.4 Unarmed Combat
 + Level 3.1 Spellcasting
 + Level 4.1 Translocations


You had 6 spell levels left.
You knew the following spells:

 Your Spells              Type           Power      Damage    Failure   Level
a - Blink                 Tloc           34%        N/A       4%          2
b - Manifold Assault      Tloc           17%        N/A       30%         4

Your spell library contained the following spells:

 Spells                   Type           Power      Damage    Failure   Level
 Gell's Gravitas          Tloc           17%        N/A       9%          3
 Lesser Beckoning         Tloc           17%        N/A       9%          3
 Teleport Other           Tloc           17%        N/A       9%          3
 Static Discharge         Conj/Air       4%         3-4/arc   24%         2
 Dispel Undead            Necr           2%         3d7       85%         4
 Sticky Flame             Conj/Fire      2%         2d3       85%         4


Dungeon Overview and Level Annotations

Branches:
Dungeon (5/15)
 Temple: D:4-7

Altars:
Cheibriados
Fedhas
Vehumet

Shops:
D:2 (

Annotations:
D:4 exclusion: water moccasin


Innate Abilities, Weirdness & Mutations

You cannot wear most types of armour.
You are amphibious.
You can wear up to eight rings at the same time.
Your skin changes colour to match your surroundings (Stealth+).
Your rubbery body absorbs attacks. (AC +1, EV +1)
((You are camouflaged when in or above water. (Stealth+)))
You have tentacles for arms and can constrict up to eight enemies at once.


Message History

The orc wizard hits you with a +0 dagger.
You feel less confused. The hound misses you.
The orc misses you. x2; The hound bites you.
The hound attacks as you move away! The hound completely misses you.
The orc attacks as you move away! The orc hits you with a +0 club.
The orc wizard gestures at you while chanting.
You are confused.
You're too confused to move!
The hound bites you but does no damage. The orc misses you.
The hound bites you.
You closely miss the orc wizard. The hound completely misses you.
The orc barely misses you.
The orc wizard hits you with a +0 dagger.
You closely miss the hound. Your squeeze misses the hound.
The hound is almost dead.
The hound barely misses you. x2; The orc misses you.
The orc closely misses you.
The orc wizard hits you with a +0 dagger.
The orc completely misses you.
You're too confused to cast spells.
The orc attacks as you move away! The orc completely misses you.
The orc attacks as you move away! The orc closely misses you.
The orc hits you with a +0 club.
* * * LOW HITPOINT WARNING * * *
The hound attacks as you move away! The hound closely misses you.
The orc attacks as you move away! The orc closely misses you.
The hound barely misses you.
The orc wizard hits you with a +0 dagger.
* * * LOW HITPOINT WARNING * * *
You're too confused to move!
The hound misses you.
The orc wizard hits you with a +0 dagger.
* * * LOW HITPOINT WARNING * * *
You closely miss the orc. Your squeeze misses the orc.
You feel less confused. The hound completely misses you.
The orc hits you with a +0 club.
* * * LOW HITPOINT WARNING * * *
The orc hits you with a +0 flail.
* * * LOW HITPOINT WARNING * * *
The orc wizard casts a spell at you.
You are confused.
The orc hits you with a +0 club.
You die...

#...........
#..........
#......##
#......#
#......#
#......#
#......#
#...hoo######
####o@o....<#
##########


You could see a hound, an orc wizard and 3 orcs.

Vanquished Creatures
  Duvessa (D:4)
  A phantom (D:4)
  Dowan (D:4)
  A hound (D:4)
  Jessica (D:2)
  Ijyb (D:4)
  2 orc wizards (D:4)
  A gnoll (D:4)
  4 adders
  2 worms
  5 orcs
  7 endoplasms
  3 giant cockroaches
  4 goblins
  7 hobgoblins
  8 jackals
  7 kobolds
  3 quokkas
  8 ball pythons
  7 bats
  4 frilled lizards
  3 rats
  A spectral hobgoblin (D:1)
82 creatures vanquished.

Vanquished Creatures (others)
  2 plants (D:1)
2 creatures vanquished.

Grand Total: 84 creatures vanquished

Notes
Turn   | Place    | Note
-------+----------+-------------------------------------------
     0 | D:1      | Dreamer the Octopode Warper began the quest for the Orb.
     0 | D:1      | Reached XP level 1. HP: 14/14 MP: 3/3
    67 | D:1      | Found a faded altar of an unknown god.
   177 | D:1      | Reached XP level 2. HP: 14/19 MP: 5/5
   190 | D:1      | Learned a level 2 spell: Blink
   863 | D:1      | Reached XP level 3. HP: 8/24 MP: 6/6
  1263 | D:2      | Found Kysmaeck's Weapon Shoppe.
  1361 | D:2      | Noticed Jessica
  1369 | D:2      | Killed Jessica
  1370 | D:2      | Reached XP level 4. HP: 19/30 MP: 7/7
  1938 | D:3      | Learned a level 4 spell: Manifold Assault
  2725 | D:3      | Found a snail-covered altar of Cheibriados.
  2728 | D:3      | Found a radiant altar of Vehumet.
  2945 | D:4      | Reached XP level 5. HP: 25/35 MP: 8/8
  3097 | D:4      | Noticed Ijyb
  3107 | D:4      | Paralysed by Ijyb for 4 turns
  3112 | D:4      | Killed Ijyb
  3113 | D:4      | Reached skill level 1 in Stealth
  3261 | D:4      | Found a blossoming altar of Fedhas.
  3307 | D:4      | Noticed a phantom
  3661 | D:4      | Noticed Dowan
  3677 | D:4      | Noticed Duvessa
  3687 | D:4      | Killed Duvessa
  3688 | D:4      | Reached XP level 6. HP: 21/42 MP: 8/10
  3695 | D:4      | Killed Dowan
  4097 | D:4      | Noticed a water moccasin
  4528 | D:4      | Reached XP level 7. HP: 41/46 MP: 11/11
  4543 | D:5      | Entered Level 5 of the Dungeon
  4792 | D:5      | HP: 1/46 [orc/+0 flail (5)]
  4792 | D:5      | Slain by an orc

Illustrated notes

Levels and vault maps discovered:
D:1:      minmay_arrival_solitary_statue, layout_rooms,
          dreamdust_ecumenical_altar_drowned_temple, serial_forest,
          infiniplex_forest_straight_3, infiniplex_forest_straight_3,
          infiniplex_forest_clump_double, infiniplex_forest_lined_ring
D:2:      layout_rooms, serial_shops, nicolae_lakefront_shop,
          hangedman_abyss_or_decor_lesser_grid, kennysheep_flooded_box,
          uniq_jessica
D:3:      minmay_inner_zag, layout_basic, minitemple
D:4:      layout_loops_ring, mainiacjoe_overflow_six_doors_small, st_stairs_11,
          chequers_garden, grunt_ministairs_10, roderic_three_in_a_row,
          dk_noncrumbling_4, uniq_duvessa, uniq_ijyb
D:5:      layout_basic, minmay_temple_entry_fiery

Skill      XL: |  1  2  3  4  5  6 |
---------------+-------------------+-----
Unarmed Combat | 3 4 |  4.4
Dodging        | 3 |  3.5
Stealth        | 1 2 |  2.7
Fighting       | 3 |  3.3
Spellcasting   | 3 |  3.1
Translocations | 4 |  4.1
Throwing       | |  1.0

Action                   |  1- 3 |  4- 6 |  7- 9 || total
-------------------------+-------+-------+-------++-------
Melee: Unarmed           |    78 |   142 |    22 ||   242
       Tentacles         |    13 |    39 |     4 ||    56
       Constrict         |    20 |    31 |     2 ||    53
       Punch             |     2 |     3 |       ||     5
 Stab: Sleeping          |     3 |    11 |       ||    14
       Distracted        |       |     1 |       ||     1
Armor: Skin              |     5 |     4 |     2 ||    11
Dodge: Dodged            |    60 |    83 |    35 ||   178
